Map: Dusk Towers

Players

True

  • Race: Zerg Zerg
  • League: Grandmaster

FanTaSy - Winner!

  • Race: Terran Terran
  • League: Grandmaster

Event: Team Gravity's Fight Night #39

VOD

Have the link to the VOD?

Description

Time

  • Played on: Nov. 20, 2015, 7:33 p.m.
  • Length: 9:35

All games in this series

Show
View Real Time Build Order
Export as new Build Order

True Zerg 

Build Orders: Hatch First 

Get SALT Encoding   

  12  0:00  Drone  
  13  0:12  Overlord  
  13  0:16  Drone  
  14  0:30  Drone  
  14  0:31  Drone  
  14  0:35  Drone  
  17  0:52  Hatchery  
  17  0:56  Drone  
  17  1:07  Spawning Pool  
  17  1:11  Extractor  
  15  1:12  Drone  
  15  1:15  Drone  
  17  1:18  Drone  
  18  1:28  Drone  
  19  1:38  Overlord  
  19  1:54  Zergling x2, Queen  
  19  2:00  Zergling x2  
  23  2:04  Queen  
  23  2:07  Drone  
  26  2:11  Drone  
  26  2:12  Metabolic Boost  
  26  2:15  Drone  
  28  2:22  Drone  
  29  2:26  Overlord  
  29  2:31  Queen  
  29  2:33  Drone  
  29  2:36  Drone  
  33  2:43  Drone  
  34  2:47  Drone  
  35  2:53  Drone  
  35  2:58  Drone  
  37  3:01  Drone  
  37  3:03  Hatchery, Drone  
  39  3:05  Drone  
  39  3:07  Drone  
  39  3:12  Drone x2  
  42  3:15  Overlord  
  42  3:17  Drone  
  42  3:19  Drone  
  44  3:23  Extractor  
  44  3:25  Overlord  
  44  3:26  Drone  
  44  3:34  Drone  
  44  3:35  Drone x3  
  44  3:37  Extractor  
  44  3:40  Roach Warren  
  44  3:41  Drone  
  47  3:43  Drone  
  47  3:45  Drone  
  47  3:46  Drone  
  47  3:48  Drone  
  51  3:53  Overlord  
  51  3:56  Overlord  
  51  4:09  Queen x2  
  55  4:15  Drone x2  
  56  4:20  Roach x2  
  56  4:21  Roach x3  
  66  4:25  Drone x2  
  66  4:28  Spore Crawler  
  67  4:35  Spore Crawler  
  67  4:38  Drone x4, Spore Crawler  
  69  4:46  Drone x3, Spore Crawler  
  69  4:49  Drone  
  69  4:51  Overlord  
  72  4:55  Drone  
  72  4:56  Drone  
  74  5:02  Lair  
  74  5:04  Evolution Chamber  
  73  5:07  Evolution Chamber  
  73  5:09  Drone x5  
  77  5:15  Drone x2  
  77  5:18  Drone x2, Extractor  
  80  5:26  Drone  
  80  5:27  Drone x6  
  84  5:29  Spore Crawler  
  84  5:30  Drone x2  
  86  5:38  Spore Crawler  
  86  5:40  Spore Crawler  
  83  5:43  Zerg Ground Armor Level 1  
  83  5:44  Zerg Melee Weapons Level 1  
  84  5:52  Overlord  
  84  5:55  Drone x5  
  89  5:57  Overlord  
  89  6:04  Overlord  
  89  6:06  Extractor  
  89  6:08  Extractor  
  89  6:09  Infestation Pit  
  86  6:12  Drone x2  
  86  6:13  Drone  
  86  6:14  Ravager x5  
  94  6:20  Drone x2  
  94  6:23  Zergling x10  
  94  6:24  Zergling x6  
  104  6:29  Overseer  
  104  6:32  Overlord, Zergling x4  
  106  6:33  Zergling x4  
  106  6:35  Zergling x6  
  106  6:36  Hatchery, Zergling x4  
  106  6:39  Zergling x2  
  113  6:44  Overseer  
  113  6:45  Baneling Nest  
  113  6:46  Hive  
  109  6:50  Overlord  
  109  6:53  Zergling x4  
  111  6:54  Zergling x4  
  111  6:55  Zergling x2  
  111  6:58  Zergling x2  
  111  7:01  Zergling x2  
  115  7:03  Overlord  
  115  7:20  Zergling x14  
  115  7:21  Zergling x4  
  123  7:23  Zergling x2  
  123  7:24  Zergling x6  
  123  7:26  Zergling x2  
  123  7:29  Zergling x2  
  107  7:38  Zergling x4  
  107  7:40  Zergling x2  
  110  7:44  Zergling x4  
  110  7:46  Zergling x2  
  110  7:47  Zergling x2  
  114  8:01  Centrifical Hooks  
  114  8:03  Baneling x5  
  114  8:04  Baneling x7  
  114  8:10  Overlord  
  114  8:12  Zergling x14  
  121  8:13  Zergling x12  
  121  8:18  Ultralisk Cavern, Zergling x4  
  121  8:19  Baneling x8  
  128  8:24  Zergling x2  
  128  8:25  Zergling x2  
  129  8:27  Zergling x2  
  129  8:28  Zergling x4  
  129  8:30  Zergling x2  
  129  8:31  Zergling x2  
  129  8:32  Zergling x8  
  129  8:33  Zergling x2  
  116  8:36  Zergling x2  
  116  8:39  Zergling x2  
  116  8:40  Zergling x4  
  99  8:46  Baneling  
  99  8:47  Baneling x7  
  99  8:48  Zergling x2  
  98  8:49  Zergling x4  
  98  8:50  Zergling x2  
  98  8:52  Baneling  
  98  8:53  Zergling x2, Baneling x5  
  98  8:54  Zergling x2  
  96  9:01  Zergling x2  
Show
View Real Time Build Order
Export as new Build Order

FanTaSy Terran - Winner!

Build Orders: Command Center First (CC), Hellion Banshee, MMM Bio 

Get SALT Encoding   

  12  0:00  SCV  
  13  0:13  SCV  
  14  0:17  Supply Depot  
  14  0:25  SCV  
  15  0:38  SCV  
  16  0:50  SCV  
  17  0:59  Command Center  
  17  1:03  SCV  
  18  1:12  Barracks  
  18  1:15  SCV  
  19  1:21  Refinery  
  19  1:27  SCV  
  20  1:39  SCV  
  21  1:52  SCV  
  22  1:59  Marine  
  23  2:04  Orbital Command  
  23  2:11  Orbital Command  
  23  2:17  Marine  
  24  2:25  Command Center  
  24  2:30  SCV  
  24  2:35  Factory  
  25  2:37  SCV  
  25  2:41  Barracks Reactor  
  25  2:43  SCV  
  27  2:45  Refinery  
  27  2:49  SCV  
  28  2:55  SCV  
  28  2:58  Supply Depot  
  29  3:01  SCV  
  30  3:07  SCV  
  31  3:13  SCV  
  31  3:19  SCV, Starport  
  33  3:25  SCV, Barracks Tech Lab, Hellion  
  33  3:26  Hellion  
  38  3:31  SCV, Refinery  
  38  3:34  Refinery  
  39  3:37  SCV  
  39  3:38  Orbital Command  
  40  3:43  SCV  
  40  3:47  Hellion x2  
  45  3:49  SCV  
  45  3:53  Barracks Tech Lab  
  45  3:55  SCV  
  47  4:01  Banshee, Cloaking Field  
  47  4:02  SCV  
  51  4:05  SCV  
  51  4:07  SCV  
  53  4:11  Orbital Command  
  53  4:13  Hellion x2, Marine  
  53  4:14  Stimpack  
  59  4:17  SCV  
  59  4:19  SCV  
  59  4:23  Supply Depot  
  60  4:25  Supply Depot  
  60  4:30  SCV  
  61  4:35  Engineering Bay  
  61  4:36  Engineering Bay  
  61  4:44  SCV x2, Banshee, Marine  
  67  4:46  SCV, Factory Reactor  
  68  4:55  Supply Depot, Barracks  
  68  4:56  Barracks  
  68  5:02  SCV x3, Marine  
  72  5:07  Terran Infantry Weapons Level 1, Terran Infantry Armor Level 1  
  72  5:10  Supply Depot  
  72  5:13  Supply Depot  
  72  5:15  SCV x3  
  72  5:19  Marine  
  76  5:27  SCV x2  
  76  5:28  SCV  
  79  5:37  Marine, Starport Reactor  
  80  5:43  Marine x2  
  80  5:48  SCV x3  
  80  5:49  Factory Reactor  
  85  5:50  Barracks  
  85  5:53  Barracks  
  85  5:55  Marine  
  85  5:57  Marine x2  
  84  6:00  SCV x2  
  84  6:01  SCV, Marine x2  
  91  6:08  Supply Depot  
  91  6:09  Supply Depot  
  91  6:10  Supply Depot  
  91  6:11  Armory  
  91  6:12  SCV  
  91  6:13  SCV x2, Marauder, Medivac x2  
  100  6:19  Barracks x2  
  100  6:20  Combat Shields  
  100  6:24  Barracks  
  100  6:30  Supply Depot  
  100  6:31  Supply Depot  
  100  6:32  Supply Depot  
  100  6:34  Marine x4  
  100  6:35  Marauder  
  106  6:41  Barracks Reactor x2  
  106  6:42  Widow Mine x2  
  106  6:44  Medivac  
  112  6:47  Medivac  
  114  6:56  Supply Depot  
  114  6:57  Supply Depot, Marauder, Marine x4  
  120  7:05  Terran Infantry Weapons Level 2, Terran Infantry Armor Level 2  
  120  7:10  Command Center  
  120  7:12  Widow Mine  
  120  7:13  Widow Mine  
  120  7:14  Medivac  
  123  7:15  Barracks Tech Lab x2  
  123  7:17  Marine x2, Medivac, Marauder  
  123  7:19  Marauder  
  123  7:21  Marine x4  
  133  7:36  Concussive Shells  
  118  7:41  Marine x4, Marauder  
  118  7:42  Marine x4, Marauder x3  
  133  7:49  Widow Mine x2  
  133  7:50  Medivac x2  
  141  8:03  Marine x5, Marauder x4  
  154  8:06  Marine x3  
  157  8:15  Supply Depot x2  
  157  8:17  Supply Depot  
  157  8:21  Widow Mine x2  
  157  8:22  Medivac x2  
  165  8:31  Marauder x3, Marine  
  165  8:32  Marine, Marauder  
  134  8:51  Marine x8  
  134  8:53  Marauder x4  
  145  9:09  Marine x2  
  140  9:10  Marine x2  
  140  9:11  Marine x4  
  140  9:13  Marine x2  

Tags
 
Add a new tag
Caveats
  • Supply blocks, unpowered buildings, or Contaminate may cause inaccurate times.
  • Supply counts are checked every 10 seconds.